 Dungeon Crawl Stone Soup version 0.29.1-2-gbd0b4ee654 (webtiles) character file.

Game seed: 11427742347314120349

787 qeuew the Ducker (level 7, -3/55 HPs)
             Began as a Merfolk Gladiator on Nov 11, 2022.
             Was an Initiate of Gozag.
             Killed by divine providence
             ... invoked by an orc priest
              (14 damage)
             ... on level 4 of the Dungeon.
             The game lasted 00:05:12 (4575 turns).

qeuew the Ducker (Merfolk Gladiator)                Turns: 4575, Time: 00:05:12

Health: -3/55      AC:  4    Str: 16    XL:     7   Next: 87%
Magic:  7/7        EV: 15    Int:  7    God:    Gozag
Gold:   48         SH:  0    Dex: 16    Spells: 6/6 levels left

rFire   + + .      SeeInvis .   a - +0 trident (vamp)
rCold   + . .      Faith    .   (no shield)
rNeg    . . .      Spirit   .   b - +0 leather armour
rPois   +          Reflect  .   c - +0 helmet
rElec   +          Harm     .   (no cloak)
rCorr   +          Rampage  .   (no gloves)
Will    .....                   (no boots)
Stlth   +.........              (no amulet)
HPRegen 0.18/turn               f - ring of protection from fire
MPRegen 0.10/turn               (no ring)

@: resistant, gold aura
A: (nimble swimmer 2), mertail
a: Renounce Religion, Potion Petition, Call Merchant, Bribe Branch


You were on level 4 of the Dungeon.
You worshipped Gozag.
Gozag was noncommittal.
You visited 1 branch of the dungeon, and saw 4 of its levels.
You also visited: Sewer.

You collected 828 gold pieces.
You paid 780 gold pieces to Gozag.

Inventory:

Hand Weapons
 a - a +0 vampiric trident (weapon)
Missiles
 d - 3 throwing nets (quivered)
 e - a javelin
Armour
 b - a +0 leather armour (worn)
 c - a +0 helmet (worn)
Jewellery
 f - a ring of protection from fire (left hand)
Scrolls
 h - a scroll of identify
 i - 2 scrolls of fear
 k - a scroll of teleportation
Potions
 g - 3 potions of brilliance
 j - a potion of flight
 l - a potion of haste
 n - a potion of cancellation


   Skills:
 + Level 4.3 Fighting
 + Level 6.1 Polearms
 + Level 3.9 Throwing
 + Level 2.2 Armour
 * Level 7.5 Dodging


You had 6 spell levels left.
You didn't know any spells.
Your spell library contained the following spells:

 Spells                   Type           Power      Damage    Failure   Level
 Portal Projectile        Hex/Tloc       0%         N/A       86%         3
 Tukima's Dance           Hex            0%         N/A       86%         3
 Blade Hands              Tmut           0%         N/A       100%        5


Dungeon Overview and Level Annotations

Branches:
Dungeon (4/15)              Sewer (visited)
 Temple: D:4-7

Altars:
Gozag
Kikubaaqudgha

Shops:
D:4 ((


Innate Abilities, Weirdness & Mutations

((You are very nimble when in or above water. (Stealth+, EV+, Speed+++)))
Your lower body shifts to a powerful aquatic tail in water.


Message History

The orc priest invokes the aid of Beogh against you.
Beogh smites you!
You closely miss the orc priest. Something barely misses you.
The orc priest hits you but does no damage.
You hit the orc priest.
The orc priest is lightly wounded.
Something completely misses you.
The orc priest hits you but does no damage.
The phantom barely misses you.
You closely miss the orc priest.
The orc priest is lightly wounded.
Something hits you.
The orc priest looks encouraged for a moment.
The phantom hits you.
The phantom blinks!
You blink.
Found 14 gold pieces.
You puncture the phantom!
The phantom is heavily damaged.
The phantom closely misses you.
You hit the phantom.
The phantom is severely damaged.
The phantom hits you!
The phantom blinks!
You blink.
A magic dart appears from out of thin air!
The magic dart hits you.
* * * LOW HITPOINT WARNING * * *
The orc priest mumbles some strange prayers to Beogh against you.
Something writhes in agony!
You hit the phantom but do no damage.
The phantom is severely damaged.
A magic dart appears from out of thin air!
The magic dart hits you.
* * * LOW HITPOINT WARNING * * *
The orc priest looks encouraged for a moment.
The phantom hits you.
* * * LOW HITPOINT WARNING * * *
Okay, then.
You puncture the phantom!
You destroy the phantom!
The orc priest invokes the aid of Beogh against you.
Beogh smites you!
You die...
Your body crumbles into a pile of gold.

##...#...#.......###
#.. #########.....>.#
#.. #<......#### #..
#..........## ###
#####.####..##
#..####..#
#####.$####.##
#.....$...#..#
#....{@...##.###
#.=.o..$..##...### #
#..........###...######
#...........####...##..
#........?...#####.#..#
#..?......#............
###.$.#######.........#
#.... ....##.#..## #...
###....#..#.


You could see an orc priest.

Vanquished Creatures
  Sigmund (D:2)
  An ogre (D:4)
  A phantom (D:4)
  A necrophage (D:4)
  A hound (D:4)
  A gnoll bouda (D:3)
  3 jellies (Sewer)
  3 gnolls (D:3)
  7 adders
  4 river rats (Sewer)
  11 orcs
  12 ball pythons
  3 bats
  15 endoplasms
  7 giant cockroaches
  7 goblins
  10 hobgoblins
  8 jackals
  4 quokkas
  8 frilled lizards
  5 kobolds
  8 rats
121 creatures vanquished.

Vanquished Creatures (others)
  A plant (D:2)
1 creature vanquished.

Grand Total: 122 creatures vanquished

Notes
Turn   | Place    | Note
-------+----------+-------------------------------------------
     0 | D:1      | qeuew the Merfolk Gladiator began the quest for the Orb.
     0 | D:1      | Reached XP level 1. HP: 16/16 MP: 1/1
   140 | D:1      | Reached XP level 2. HP: 23/23 MP: 2/2
   355 | D:1      | Found a faded altar of an unknown god.
   363 | D:1      | Prayed at the altar of an unknown god.
   363 | D:1      | Became a worshipper of Gozag Ym Sagoz the Greedy
   637 | D:1      | Reached XP level 3. HP: 28/28 MP: 3/3
  1743 | D:2      | Noticed Sigmund
  1760 | D:2      | Killed Sigmund
  1761 | D:2      | Reached skill level 5 in Polearms
  1761 | D:2      | Reached skill level 1 in Armour
  1761 | D:2      | Reached skill level 5 in Dodging
  1761 | D:2      | Reached XP level 4. HP: 12/35 MP: 4/4
  1761 | D:2      | Reached XP level 5. HP: 14/41 MP: 5/5
  1761 | D:2      | Reached XP level 6. HP: 16/47 MP: 6/6
  2729 | D:3      | Found an ancient bone altar of Kikubaaqudgha.
  2845 | D:3      | Found a glowing drain.
  2858 | Sewer    | Entered a sewer
  2883 | Sewer    | Reached skill level 6 in Dodging
  3161 | Sewer    | Found a viscous altar of Jiyva.
  3380 | D:3      | Reached XP level 7. HP: 46/53 MP: 7/7
  4236 | D:4      | Found Ytsyceep's Weapon Shoppe.
  4285 | D:4      | Reached skill level 7 in Dodging
  4521 | D:4      | Found Guj Diali's Antique Weapon Emporium.
  4575 | D:4      | Killed from afar by an orc priest

Illustrated notes

Levels and vault maps discovered:
D:1:      mushboom_english_gardens, layout_basic,
          ebering_ecumenical_altar_petrified
D:2:      layout_basic, minmay_tree_intersection, minmay_shallow_snake_nest,
          uniq_sigmund
D:3:      layout_loops_corners, overflow_temple_1_default, portal_sewer_entry_b
D:4:      layout_rooms, serial_shops, nicolae_diamond_shop,
          nicolae_shop_waterfront

Skill      XL: |  1  2  3  4  5  6  7 |
---------------+----------------------+-----
Fighting       | 3 4 |  4.3
Polearms       | 5 6 |  6.1
Throwing       | 3 |  3.9
Armour         | 1 2 |  2.2
Dodging        | 5 6 7 |  7.5

Action                   |  1- 3 |  4- 6 |  7- 9 || total
-------------------------+-------+-------+-------++-------
Melee: Trident           |   119 |   167 |   115 ||   401
       Punch             |     1 |     2 |     2 ||     5
       Tailslap          |       |     2 |       ||     2
Throw: Throwing net      |       |       |     1 ||     1
Invok: Potion Petition   |       |       |     1 ||     1
  Use: Scroll            |     4 |     4 |     1 ||     9
       Potion            |       |       |     2 ||     2
 Stab: Sleeping          |     1 |     4 |       ||     5
       Distracted        |     1 |     2 |     1 ||     4
Armor: Leather armour    |    25 |    25 |    27 ||    77
Dodge: Dodged            |    63 |   107 |    97 ||   267
